 Dungeon Crawl Stone Soup version 0.17.0-24-gcfadda4 (console) character file.

1320 gw the Cleaver (level 8, 0/106 HPs)
             Began as a Minotaur Berserker on Nov 15, 2015.
             Was an Elder of Trog.
             Slain by a worker ant (2 damage)
             ... on level 8 of the Dungeon.
             The game lasted 00:03:32 (4723 turns).

gw the Cleaver (Minotaur Berserker)                 Turns: 4723, Time: 00:03:32

Health: 0/106      AC: 12    Str: 28    XL:     8   Next: 33%
Magic:  4/7        EV:  9    Int:  4    God:    Trog [****..]
Gold:   245        SH:  0    Dex: 13    Spells: 0 memorised, 7 levels left

rFire  . . .     SeeInvis .     a - +0 hand axe
rCold  . . .     Clarity  .     p - +0 chain mail
rNeg   . . .     SustAt   .     (no shield)
rPois  .         Gourm    .     (helmet restricted)
rElec  .         Spirit   .     (no cloak)
rCorr  .         Warding  .     (no gloves)
rMut   +         Stasis   .     (no boots)
MR     ++...                    k - amulet of resist mutation
Stlth  ..........               (no ring)
                                (no ring)

@: berserking, regenerating, very quick, very resistant to hostile enchantments,
extremely unstealthy
A: retaliatory headbutt, horns 2, slimy green scales 1, strong 1, MP-powered
wands
a: Berserk, Trog's Hand, Brothers in Arms, Burn Spellbooks, Renounce Religion


You were on level 8 of the Dungeon.
You worshipped Trog.
Trog was greatly pleased with you.
You were not hungry.

You visited 1 branch of the dungeon, and saw 6 of its levels.

You collected 245 gold pieces.

Inventory:

Hand Weapons
 a - a +0 hand axe (weapon)
Missiles
 f - 7 poisoned needles
 g - 193 stones
 o - 4 silver javelins (quivered)
Armour
 p - a +0 chain mail (worn)
Jewellery
 k - an amulet of resist mutation (around neck)
Wands
 q - a wand of enslavement (0)
Scrolls
 n - 3 scrolls of remove curse
 r - a scroll of identify
Potions
 b - a potion of ambrosia
 d - 4 potions of curing
 e - a potion of haste {unknown}
 h - 2 potions of magic
Comestibles
 c - 4 bread rations
 i - 3 slices of pizza
 j - a meat ration
 l - 3 fruits
 m - a beef jerky
 s - 4 chunks of flesh


   Skills:
 + Level 6.3 Fighting
 * Level 9.0 Axes
 + Level 4.0 Throwing
 + Level 5.7 Armour
 - Level 2.1 Dodging


You had 7 spell levels left.
You didn't know any spells.

Dungeon Overview and Level Annotations

Branches:
Dungeon (8/15)               Lair (0/8) D:8
 Temple: D:4-7

Altars:
Ashenzari
Cheibriados
Okawaru
Ru
Yredelemnul
The Shining One


Innate Abilities, Weirdness & Mutations

You reflexively headbutt those who attack you in melee.
You have a pair of horns on your head.
You are partially covered in slimy green scales (AC +2).
Your muscles are strong. (Str +2)
You expend magic power (3 MP) to strengthen your wands.


Message History

You kill the yak!
Trog accepts your kill.
You have reached level 8!
You feel agile.
You hit the worker ant.
The worker ant is lightly wounded.
The worker ant bites you but does no damage.
The giant frog hits you but does no damage.
ATTACK MOVE TO (-1,0)
You hit the elephant.
You kill the elephant!
Trog accepts your kill.
Your Fighting skill increases to level 6!
Your Axes skill increases to level 9!
Your Throwing skill increases to level 4!
You closely miss the worker ant.
The worker ant is lightly wounded.
You miss the giant frog.
The giant frog is heavily wounded.
The worker ant bites you.
You die...

.. ## ...
#.#... ###..#(<
###.....###
##.........##
##..P%.a?....#
#
#..P.%H$......
#
#.......F......
#
#....P.........
###
#.#...P.......#
..# #
##.........##
#.# ###...$.###
#.########
###.###
#......... .#
##########


You could see a giant frog and a worker ant.

Table legend:
 A = Turns spent in this place as a percentage of turns spent in the entire game.
 B = Non-inter-level travel turns spent in this place as a percentage of non-inter-level travel turns spent in the entire game.
 C = Inter-level travel turns spent in this place as a percentage of turns spent in this place.
 D = Turns resting spent in this place as a percentage of non-inter-level travel turns spent in this place.
 E = Turns spent auto-exploring this place as a percentage of non-inter-level travel turns spent in this place.
 F = Non-inter-level travel turns spent in this place divided by the number of levels of this place that you've seen.
                   A       B       C       D       E      F
               +-------+-------+-------+-------+-------+----------------------
         Total | 100.0 | 100.0 |   0.4 |   0.9 |   3.0 | 1108.8
       Dungeon | 100.0 | 100.0 |   0.4 |   0.9 |   3.0 | 1108.8
               +-------+-------+-------+-------+-------+----------------------

Table legend:
 A = Kills in this place as a percentage of kills in entire the game.
 B = Kills by you in this place as a percentage of kills by you in the entire game.
 C = Kills by friends in this place as a percentage of kills by friends in the entire game.
 D = Other kills in this place as a percentage of other kills in the entire game.
 E = Experience gained in this place as a percentage of experience gained in the entire game.
 F = Experience gained in this place divided by the number of levels of this place that you have seen.
                   A       B       C       D       E      F
               +-------+-------+-------+-------+-------+----------------------
         Total | 100.0 | 100.0 | 100.0 |  -nan | 100.0 | 314.5
       Dungeon | 100.0 | 100.0 | 100.0 |  -nan | 100.0 | 314.5
               +-------+-------+-------+-------+-------+----------------------

Vanquished Creatures
  An elephant (D:8)
  A yak (D:8)
  A centaur (D:5)
  A necrophage (D:4)
  2 ogres
  A crocodile (D:8)
  2 jellies (D:5)
  An orc priest (D:4)
  3 iguanas
  An orc wizard (D:4)
  A worker ant (D:4)
  A sheep (D:8)
  The ghost of worldfamousw the Ducker, a weakling DEMo (D:4)
  Robin (D:2)
  7 adders
  2 oozes
  2 worms
  14 orcs
  3 ball pythons
  13 hobgoblins
  10 jackals
  A quokka (D:2)
  7 bats
  6 giant cockroaches
  9 giant newts
  20 goblins
  A jackal skeleton (D:5)
  10 kobolds
  A quokka zombie (D:5)
  4 rats (D:1)
128 creatures vanquished.

Vanquished Creatures (collateral kills)
  2 orcs (D:4)
2 creatures vanquished.

Grand Total: 130 creatures vanquished

Notes
Turn   | Place    | Note
--------------------------------------------------------------
     0 | D:1      | gw the Minotaur Berserker began the quest for the Orb.
     0 | D:1      | Reached XP level 1. HP: 19/19 MP: 0/0
   337 | D:1      | Reached XP level 2. HP: 27/27 MP: 1/1
   342 | D:1      | Reached skill level 4 in Axes
   587 | D:1      | Reached skill level 1 in Throwing
   861 | D:1      | Reached XP level 3. HP: 18/33 MP: 2/2
  1290 | D:1      | Reached ** piety under Trog
  1325 | D:1      | Gained mutation: You are partially covered in slimy green scales (AC +2). [potion of beneficial mutation]
  1327 | D:1      | Gained mutation: You expend magic power (3 MP) to strengthen your wands. [potion of mutation]
  1327 | D:1      | Gained mutation: Your muscles are strong. (Str +2) [potion of mutation]
  1629 | D:2      | Found a sacrificial altar of Ru.
  1711 | D:2      | Noticed Robin
  1721 | D:2      | Killed Robin
  1721 | D:2      | Reached XP level 4. HP: 32/40 MP: 3/3
  1802 | D:2      | Found a shattered altar of Ashenzari.
  1972 | D:2      | Reached skill level 5 in Axes
  2149 | D:2      | Reached *** piety under Trog
  2725 | D:3      | Received a gift from Trog
  2737 | D:3      | Found an iron altar of Okawaru.
  2883 | D:3      | Reached XP level 5. HP: 46/46 MP: 4/4
  2910 | D:3      | Found a snail-covered altar of Cheibriados.
  3570 | D:4      | Noticed worldfamousw's ghost (weakling DEMo)
  3580 | D:4      | Killed worldfamousw's ghost
  3777 | D:4      | Found a basalt altar of Yredelemnul.
  3846 | D:4      | Reached skill level 6 in Axes
  3864 | D:4      | Reached XP level 6. HP: 42/53 MP: 5/5
  3947 | D:4      | Noticed a necrophage
  3956 | D:4      | Killed a necrophage
  3965 | D:4      | Found a glowing golden altar of the Shining One.
  4018 | D:4      | Noticed an ogre
  4032 | D:4      | Killed an ogre
  4032 | D:4      | Reached skill level 5 in Fighting
  4200 | D:5      | Entered Level 5 of the Dungeon
  4304 | D:5      | Reached skill level 7 in Axes
  4304 | D:5      | Reached XP level 7. HP: 50/61 MP: 6/6
  4591 | D:5      | Reached skill level 5 in Armour
  4641 | D:5      | You fall through a shaft for 3 floors!
  4644 | D:8      | Reached **** piety under Trog
  4706 | D:8      | Noticed a two-headed ogre
  4714 | D:8      | Found a staircase to the Lair.
  4714 | D:8      | Noticed an elephant
  4715 | D:8      | Noticed a yak
  4721 | D:8      | Reached skill level 8 in Axes
  4721 | D:8      | HP: 1/93 [elephant (7)]
  4722 | D:8      | Killed a yak
  4722 | D:8      | Reached XP level 8. HP: 1/70 MP: 4/7
  4723 | D:8      | Killed an elephant
  4723 | D:8      | Reached skill level 9 in Axes
  4723 | D:8      | Slain by a worker ant

Action                   |  1- 3 |  4- 6 |  7- 9 || total
-------------------------+-------+-------+-------++-------
Melee: Hand axe          |    94 |    92 |    21 ||   207
Throw: Stone             |    90 |    50 |     2 ||   142
       Javelin           |       |    58 |    17 ||    75
       Tomahawk          |       |     6 |       ||     6
Invok: Berserk           |       |       |     1 ||     1
       Trog's Hand       |       |       |     1 ||     1
Evoke: Wand              |       |     2 |     1 ||     3
  Use: Potion            |     5 |     5 |       ||    10
       Scroll            |     2 |     7 |     1 ||    10
 Stab: Sleeping          |     1 |       |       ||     1
  Eat: Chunk             |     3 |     7 |     2 ||    12

Vault maps used:
D:1:      dpeg_cavernosity, minmay_misc_feat_tiny
D:2:      old_standard_altar, ashenzari_altar_1, uniq_robin
D:3:      minmay_door_path, cheibriados_altar_1, okawaru_ov_weapons_minmay,
          first_bread
D:4:      kennysheep_mini_moat, lemuel_doored_altar
D:8:      fedhas_altar_1, nicolae_gozag_cash_rules_everything_around_me,
          david_lair_generic, serial_shops, nicolae_shop_stone,
          hangedman_little_slice_of_home
